 Dungeon Crawl Stone Soup version 0.23.0-3-gf3c87f2 (webtiles) character file.

Game seed: 11370513632779446768

5631 Monsterracer the Grappler (level 10, -9/90 HPs)
             Began as a Ghoul Air Elementalist on Feb 24, 2019.
             Was a Believer of Okawaru.
             Mangled by a five-headed hydra (10 damage)
             ... on level 9 of the Dungeon.
             The game lasted 00:11:20 (11751 turns).

Monsterracer the Grappler (Ghoul Air Elementalist) Turns: 11751, Time: 00:11:21

Health: -9/90      AC: 11    Str: 16    XL:     10   Next: 74%
Magic:  0/20       EV:  9    Int: 10    God:    Okawaru [**....]
Gold:   476        SH:  0    Dex:  9    Spells: 12/12 levels left

rFire    . . .     SeeInvis .     - Unarmed
rCold    + . .     Gourm    .   (no shield)
rNeg     + + +     Faith    .   E - +0 chain mail
rPois    ∞         Spirit   +   (no helmet)
rElec    .         Reflect  .   y - scarf {Spirit}
rCorr    .         Harm     .   (no gloves)
MR       +....                  (no boots)
Stlth    ..........             (no amulet)
HPRegen  0.00/turn              g - ring of magical power
MPRegen  0.17/turn              M - ring of protection from magic

@: heroism, rotting
A: rotting body, claws 1, carnivore, cold resistance 1, negative energy
resistance 3, inhibited regeneration, torment resistance, unbreathing
a: Heroism, Renounce Religion


You were on level 9 of the Dungeon.
You worshipped Okawaru.
Okawaru was pleased with you.
You were not hungry.

You visited 2 branches of the dungeon, and saw 10 of its levels.
You also visited: Sewer.

You collected 476 gold pieces.


Innate Abilities, Weirdness & Mutations

Your body is rotting away.
You thrive on raw meat.
You are immune to poison.
You have sharp fingernails.
You are carnivorous and can eat meat at any time.
Your flesh is cold resistant. (rC+)
You are immune to negative energy. (rN+++)
You do not regenerate when monsters are visible.
You are immune to unholy pain and torment.
You can survive without breathing.


   Skills:
 + Level 8.7(13.7) Fighting
 + Level 5.7(10.7) Armour
 - Level 1.7(6.7) Dodging
 - Level 2.1(7.1) Stealth
 * Level 12.1(17.1) Unarmed Combat
 - Level 1.7 Spellcasting
   Level 0.7 Conjurations
   Level 2.4 Air Magic
 + Level 3.6 Invocations


You had 12 spell levels left.
You didn't know any spells.
Your spell library contained the following spells:

 Spells                   Type           Power        Failure   Level  Hunger
 Shock                    Conj/Air       #...         86%         1    ##.....
 Animate Skeleton         Necr           N/A          97%         1    ##.....
 Pain                     Necr           #...         97%         1    ##.....
 Swiftness                Chrm/Air       #.......     97%         2    ###....
 Static Discharge         Conj/Air       #.......     99%         3    ####...
 Regeneration             Chrm/Necr      #.........   100%        3    ####...
 Vampiric Draining        Necr           #.........   100%        3    ####...
 Airstrike                Air            #.........   100%        4    #####..
 Animate Dead             Necr           N/A          100%        4    #####..
 Lightning Bolt           Conj/Air       #.........   100%        5    ######.

Inventory:

Armour
 x - a +1 pair of gloves
   (You found it on level 3 of the Dungeon)
 y - a scarf of spirit shield (worn)
   (You found it on level 6 of the Dungeon)
 D - a +0 cloak of poison resistance
   (You took it off Crazy Yiuf on level 7 of the Dungeon)
 E - a +0 chain mail (worn)
   (You took it off an orc warrior on level 8 of the Dungeon)
Jewellery
 g - a ring of magical power (left claw)
   (You found it on level 4 of the Dungeon)
 s - an uncursed ring of ice
   (You found it on level 2 of the Dungeon)
 M - a ring of protection from magic (right claw)
   (You found it on level 7 of the Dungeon)
Wands
 p - a wand of flame (17)
   (You found it on level 6 of the Dungeon)
Scrolls
 k - 4 scrolls of fear {!r}
 l - 3 scrolls of enchant armour
 m - a scroll of magic mapping
 n - 2 scrolls of fog
 o - a scroll of amnesia
 r - 5 scrolls of remove curse
 t - 2 scrolls of teleportation {!r}
Potions
 b - a potion of flight {unknown}
 d - 4 potions of heal wounds
 e - a potion of curing
 h - 3 potions of haste
 i - 2 potions of resistance
 j - 5 potions of might
 q - a potion of mutation {unknown}
 u - 2 potions of degeneration
 v - a potion of agility {unknown}
 w - a potion of lignification {unknown}
 z - 2 potions of brilliance
 A - a potion of cancellation
 B - 2 potions of magic
 C - a potion of berserk rage {unknown}
Comestibles
 c - 20 rations

Dungeon Overview and Level Annotations

Branches:
Dungeon (9/15)             Temple (1/1) D:7
   Lair: D:8-11         Orc: D:9-12

Altars:
Ashenzari
Cheibriados
Dithmenos
Elyvilon
Fedhas
Gozag
Hepliaklqana
Kikubaaqudgha
Makhleb
Nemelex Xobeh
Okawaru
Qazlal
Ru
Sif Muna
Trog
Uskayaw
Vehumet
Wu Jian
Xom
Yredelemnul
Zin
The Shining One

#######.# ######....#
........#######
#|....#####
##.............
########
......#########
......# ####
......###########†..#
##
......+.......#..##
#.
......#######.###D#
#. ........# #...@##
#. ........# #.####
#. ........# #.#
.###. ..##....# #.#
.....
.<##....#####'###
.....
..##............#
.....
####............#
#........
#............#
#........
#............#
#........


You could see a five-headed hydra.


Message History

Health restored: 90; MP restored: 20
Found a stone staircase leading down.
c - 19 rations (gained 1)
You open the door.
There is an open door here.
Key pressed, stopping explore.
No target in view!
No target in view!
You now have 476 gold pieces (gained 21).
Found a stone staircase leading up.
No target in view!
c - 20 rations (gained 1) All of the chunks of flesh in your inventory have rotted away.
You open the door.
Key pressed, stopping explore.
No target in view!
There is an open door here.
A bullfrog comes into view.
The bullfrog hits you but does no damage.
You mangle the bullfrog!!
You kill the bullfrog!
Okawaru accepts your kill.
You hear a screech!
No target in view!
A phantom comes into view.
The hippogriff bites you. The hippogriff closely misses you.
The hippogriff claws you but does no damage.
You take 5 damage, and have 85/90 hp.
You now have 19/20 mp.
You scratch the hippogriff.
The hippogriff is lightly wounded.
The phantom blinks!
You claw the hippogriff!
The hippogriff is heavily wounded.
You hear a roar!
The hippogriff bites you but does no damage.
The hippogriff pecks you.
The hippogriff claws you but does no damage.
You take 3 damage, and have 82/90 hp.
A hippogriff is nearby!
You scratch the hippogriff but do no damage.
The hippogriff is heavily wounded.
The hippogriff bites you but does no damage.
The hippogriff barely misses you.
The hippogriff claws you but does no damage.
You claw the hippogriff!
The hippogriff is severely wounded.
The hippogriff bites you! The hippogriff closely misses you.
The hippogriff claws you but does no damage.
You take 6 damage, and have 76/90 hp.
You now have 18/20 mp.
You mangle the hippogriff!!
You kill the hippogriff!
Okawaru accepts your kill.
A five-headed hydra comes into view.
You claw the five-headed hydra!
The five-headed hydra is lightly wounded.
The five-headed hydra bites you.
The five-headed hydra bites you but does no damage.
The five-headed hydra bites you! The five-headed hydra bites you.
The five-headed hydra bites you!
You take 22 damage, and have 54/90 hp.
MASSIVE DAMAGE!!
You now have 12/20 mp.
You are too injured to fight recklessly!
You scratch the five-headed hydra but do no damage.
The five-headed hydra is lightly wounded.
The five-headed hydra bites you but does no damage.
The five-headed hydra bites you!
The five-headed hydra bites you but does no damage.
The five-headed hydra bites you. The five-headed hydra bites you!
* * * LOW HITPOINT WARNING * * *
You take 16 damage, and have 38/90 hp.
You now have 9/20 mp.
You gain the combat prowess of a mighty hero.
The five-headed hydra bites you!
* * * LOW HITPOINT WARNING * * *
The five-headed hydra bites you!
* * * LOW HITPOINT WARNING * * *
The five-headed hydra bites you!
* * * LOW HITPOINT WARNING * * *
The five-headed hydra bites you!
* * * LOW HITPOINT WARNING * * *
The five-headed hydra barely misses you.
You take 29 damage, and have 10/90 hp.
MASSIVE DAMAGE!!
You now have 2/20 mp.
Unknown command.
You feel much better. The five-headed hydra bites you.
* * * LOW HITPOINT WARNING * * *
The five-headed hydra completely misses you.
The five-headed hydra bites you but does no damage.
The five-headed hydra bites you!
* * * LOW HITPOINT WARNING * * *
The five-headed hydra bites you.
* * * LOW HITPOINT WARNING * * *
You regained 11 hp, and now have 21/90 hp.
You now have 0/20 mp.
It was a potion of cancellation.
You feel magically purged. The five-headed hydra bites you!
* * * LOW HITPOINT WARNING * * *
The five-headed hydra bites you but does no damage.
The five-headed hydra barely misses you.
The five-headed hydra bites you!
* * * LOW HITPOINT WARNING * * *
The five-headed hydra bites you!
You die...

Skill      XL: |  1  2  3  4  5  6  7  8  9 10 |
---------------+-------------------------------+-----
Unarmed Combat | 1 2 3 5 6 7 9 11 12 | 12.1
Fighting       | 1 2 3 4 5 6 7 8 |  8.7
Armour         | 3 4 5 |  5.7
Invocations    | 1 3 |  3.6
Dodging        | |  1.7
Stealth        | |  2.1
Spellcasting   | |  1.7
Conjurations   | |  0.7
Air Magic      | |  2.4

Action                   |  1- 3 |  4- 6 |  7- 9 | 10-12 || total
-------------------------+-------+-------+-------+-------++-------
Melee: Unarmed           |   141 |   300 |   572 |   152 ||  1165
       Punch             |       |     5 |    10 |     4 ||    19
 Cast: Shock             |     2 |       |       |       ||     2
Invok: Heroism           |       |       |       |     3 ||     3
Evoke: Wand              |       |       |     3 |       ||     3
  Use: Scroll            |       |       |    17 |     4 ||    21
       Potion            |       |       |       |     2 ||     2
 Stab: Sleeping          |     1 |       |       |       ||     1
       Distracted        |       |     1 |       |       ||     1
  Eat: Chunk             |    15 |    24 |    73 |    11 ||   123
Armor: Robe              |    11 |       |       |       ||    11
       Ring mail         |    22 |    94 |   139 |     2 ||   257
       Chain mail        |       |       |       |    64 ||    64
Dodge: Dodged            |    94 |   163 |   277 |    48 ||   582

Levels and vault maps discovered:
D:1:      ldierk_water_garden, layout_loops_ring, serial_bayou_lake_a
D:2:      minmay_chambers_of_twos, layout_basic, hex_intersection,
          grunt_ministairs_10, chequers_serial_rivers_room_a
D:3:      layout_rooms
D:4:      layout_loops_ring
D:5:      layout_loops_ring, gammafunk_temple_overflow_elements,
          portal_sewer_entry_e, first_ration
D:6:      layout_rooms, lemuel_coloured_pillars_altar, minmay_misc_feat_x,
          trog_hazing_becter, uniq_menkaure
D:7:      layout_loops_cross, minmay_temple_entry_poolview, uniq_duvessa,
          uniq_crazy_yiuf_cottage
D:8:      layout_layer_cave, eat_drink_and_be_merry_uskayaw
D:9:      minmay_chopped_fan, layout_basic, hangedman_fish_farm,
          grunt_tough_drop
Temple:   compressed_dpeg_circular_temple
Sewer:    sewer_co_tree

Notes
Turn   | Place    | Note
-------+----------+-------------------------------------------
     0 | D:1      | Monsterracer the Ghoul Air Elementalist began the quest for
                  | the Orb.
     0 | D:1      | Reached XP level 1. HP: 14/14 MP: 2/2
    50 | D:1      | HP: 6/14 [jackal (3)]
    53 | D:1      | HP: 2/15 [jackal (3)]
    54 | D:1      | Reached skill level 1 in Unarmed Combat
    91 | D:1      | HP: 5/15 [goblin/+0 dagger (4)]
    97 | D:1      | HP: 7/15 [goblin/+0 dagger (4)]
   101 | D:1      | Reached XP level 2. HP: 16/22 MP: 3/3
   267 | D:1      | Reached skill level 1 in Fighting
   458 | D:1      | Reached skill level 2 in Unarmed Combat
   567 | D:1      | Reached XP level 3. HP: 16/28 MP: 4/4
  1469 | D:2      | Reached skill level 3 in Unarmed Combat
  1628 | D:2      | Reached XP level 4. HP: 36/36 MP: 5/5
  2934 | D:4      | Reached XP level 5. HP: 42/42 MP: 6/6
  2991 | D:4      | Reached skill level 4 in Unarmed Combat
  3186 | D:4      | HP: 22/45 [iguana (7)]
  3502 | D:4      | Reached skill level 5 in Unarmed Combat
  3502 | D:4      | Reached XP level 6. HP: 42/50 MP: 7/7
  3631 | D:4      | Noticed an ice beast
  3642 | D:4      | Killed an ice beast
  4131 | D:4      | HP: 26/52 [ogre/+0 giant club (4)]
  4134 | D:4      | HP: 11/52 [ogre/+0 giant club (15)]
  4397 | D:3      | Reached skill level 6 in Unarmed Combat
  4397 | D:3      | Reached XP level 7. HP: 42/59 MP: 8/8
  4565 | D:5      | Entered Level 5 of the Dungeon
  4689 | D:5      | Reached skill level 7 in Unarmed Combat
  4747 | D:5      | Found a snail-covered altar of Cheibriados.
  4747 | D:5      | Found a hazy altar of Hepliaklqana.
  4891 | D:5      | Reached skill level 5 in Fighting
  4895 | D:5      | Found a glowing drain.
  4904 | Sewer    | Entered a sewer
  5247 | Sewer    | Reached XP level 8. HP: 66/68 MP: 9/9
  5301 | Sewer    | Reached skill level 1 in Armour
  5482 | Sewer    | Reached skill level 8 in Unarmed Combat
  6886 | D:6      | HP: 34/70 [black bear (2)]
  6888 | D:6      | Reached skill level 9 in Unarmed Combat
  7005 | D:6      | Noticed Menkaure
  7016 | D:6      | Killed Menkaure
  7016 | D:6      | Reached XP level 9. HP: 58/78 MP: 10/10
  7072 | D:6      | HP: 39/78 [centaur (2)]
  7335 | D:6      | Found a deep blue altar of Sif Muna.
  7774 | D:6      | Found a bloodstained altar of Trog.
  8188 | D:7      | HP: 35/77 [ogre/+0 giant club (7)]
  8190 | D:7      | Reached skill level 10 in Unarmed Combat
  8195 | D:7      | HP: 15/78 [shadow imp (4)]
  8204 | D:7      | HP: 12/78 [shadow imp (3)]
  8536 | D:7      | Noticed Dowan
  8555 | D:7      | Killed Dowan
  8569 | D:7      | Noticed Duvessa
  8599 | D:7      | HP: 38/79 [Duvessa/+2 short sword of draining (3)]
  8606 | D:7      | Killed Duvessa
  8720 | D:7      | HP: 33/79 [ogre/+0 giant club (12)]
  8721 | D:7      | HP: 12/78 [ogre/+0 giant club (21)]
  9003 | D:7      | Got a jewelled hunting sling
  9276 | D:7      | Found a runed translucent door.
  9277 | D:7      | Noticed Crazy Yiuf
  9446 | D:7      | Found a staircase to the Ecumenical Temple.
  9459 | Temple   | Entered the Ecumenical Temple
  9581 | Temple   | Became a worshipper of Warmaster Okawaru
  9693 | D:7      | Killed Crazy Yiuf
  9693 | D:7      | Reached skill level 11 in Unarmed Combat
  9742 | D:8      | Identified the +10 hunting sling of Myicwuw {flame, rC+
                  | MR+} (You found it on level 7 of the Dungeon)
  9763 | D:7      | HP: 39/81 [wyvern (4)]
  9766 | D:7      | Reached skill level 1 in Invocations
  9766 | D:7      | Reached XP level 10. HP: 38/88 MP: 9/11
  9768 | D:7      | HP: 24/88 [orc/+0 flail (5)]
 10014 | D:8      | Reached skill level 5 in Armour
 10208 | D:8      | Found a hide-covered altar of Uskayaw.
 10827 | D:8      | Reached * piety under Okawaru
 11216 | D:9      | Noticed a yaktaur captain
 11221 | D:9      | HP: 43/89 [yaktaur captain (16)]
 11226 | D:9      | HP: 27/89 [yaktaur captain (14)]
 11227 | D:9      | HP: 11/89 [yaktaur captain (16)]
 11228 | D:9      | Killed a yaktaur captain
 11481 | D:9      | Reached skill level 12 in Unarmed Combat
 11744 | D:9      | Reached ** piety under Okawaru
 11744 | D:9      | Noticed a five-headed hydra
 11746 | D:9      | HP: 38/90 [five-headed hydra (9)]
 11749 | D:9      | HP: 16/90 [five-headed hydra (10)]
 11751 | D:9      | HP: 1/90 [five-headed hydra (12)]
 11751 | D:9      | Mangled by a five-headed hydra

Vanquished Creatures
  A yaktaur captain (D:9)
  4 hippogriffs (D:7 D:8 D:9)
  A wyvern (D:7)
  A yak (D:9)
  2 hungry ghosts (D:7 D:8)
  Menkaure (D:6)
  Duvessa (D:7)
  An orc warrior (D:8)
  A sky beast (D:8)
  A black bear (D:6)
  2 phantoms (D:8 D:9)
  3 ice beasts (D:4 D:5 D:8)
  7 ogres (D:3 D:6 D:7 D:8 D:9)
  A centaur (D:6)
  5 big kobolds (Sewer D:8)
  3 bullfrogs (D:5 D:6 D:9)
  A wyvern zombie (D:7)
  A wyvern skeleton (D:6)
  3 scorpions (D:6 D:8)
  Dowan (D:7)
  A howler monkey (D:4)
  4 crimson imps (D:5 D:6 D:7)
  A bullfrog zombie (D:7)
  Crazy Yiuf (D:7)
  4 hounds (D:4 D:5 D:7)
  A bullfrog skeleton (D:5)
  An orc priest (D:6)
  A centaur skeleton (D:7)
  5 iguanas (D:4 D:5 D:6 D:7)
  3 orc wizards (D:6 D:8)
  4 worker ants (D:4 D:5 D:7)
  A hound skeleton (D:6)
  A howler monkey skeleton (D:6)
  10 adders (D:2 D:4 D:5 Sewer D:6)
  7 river rats (D:5 Sewer)
  5 shadow imps (D:6 D:8 D:9)
  5 oozes (D:1 Sewer)
  2 adder skeletons (D:4 D:7)
  2 adder zombies (D:5)
  6 worms (D:2 D:4 Sewer)
  2 dart slugs (D:1)
  3 leopard geckos (D:1 D:3 D:4)
  25 orcs (D:2 D:4 D:6 D:7 D:8)
  8 ball pythons (D:3 D:5 Sewer)
  5 bats (D:1 D:2 D:3)
  7 giant cockroaches (D:2 D:3 D:4 D:5 D:7)
  12 goblins (D:1 D:2 D:3 D:6)
  12 hobgoblins (D:1 D:2 D:3 D:6)
  21 jackals (D:1 D:2 D:4 D:5 D:8)
  15 kobolds (D:1 D:2 D:3 Sewer D:6)
  5 quokkas (D:2 D:4 D:7 D:8)
  5 frilled lizards (D:1 D:2 D:4 D:5)
  A quokka skeleton (D:4)
  A quokka zombie (D:8)
  15 rats (D:1 D:2 D:3 D:5 Sewer)
  2 toadstools (D:1)
245 creatures vanquished.

Vanquished Creatures (others)
  2 toadstools (D:1)
2 creatures vanquished.

Grand Total: 247 creatures vanquished

Table legend:
 A = Turns spent in this place as a percentage of turns spent in the entire game.
 B = Non-inter-level travel turns spent in this place as a percentage of non-inter-level travel turns spent in the entire game.
 C = Inter-level travel turns spent in this place as a percentage of turns spent in this place.
 D = Turns resting spent in this place as a percentage of non-inter-level travel turns spent in this place.
 E = Turns spent auto-exploring this place as a percentage of non-inter-level travel turns spent in this place.
 F = Non-inter-level travel turns spent in this place divided by the number of levels of this place that you've seen.
                   A       B       C       D       E      F
               +-------+-------+-------+-------+-------+----------------------
         Total | 100.0 | 100.0 |   3.7 |   7.1 |  71.8 | 1029.3
       Dungeon |  90.6 |  90.5 |   3.7 |   7.8 |  71.7 | 1139.0
        Temple |   1.1 |   0.9 |  27.4 |   0.0 |  95.9 |  98.0
         Sewer |   8.3 |   8.6 |   0.0 |   0.0 |  70.1 | 973.0
               +-------+-------+-------+-------+-------+----------------------

Table legend:
 A = Non-vault XP
 B = Vault XP
 C = Vault XP percentage of total XP
 D = Non-vault monster count
 E = Vault monster count
 F = Vault count percentage of total count
                 A         B        C        D         E       F
            +---------+---------+-------+---------+---------+-------
      Total |    5284 |    2761 |  34.3 |     181 |      62 |  25.5
            +---------+---------+-------+---------+---------+-------
        D:1 |      46 |       0 |   0.0 |      20 |       0 |   0.0
        D:2 |      61 |      32 |  34.4 |      22 |      10 |  31.2
        D:3 |     145 |       0 |   0.0 |      15 |       0 |   0.0
        D:4 |     431 |       0 |   0.0 |      25 |       0 |   0.0
        D:5 |     491 |      45 |   8.4 |      17 |       8 |  32.0
        D:6 |     852 |     182 |  17.6 |      27 |       7 |  20.6
        D:7 |    1685 |     259 |  13.3 |      23 |       3 |  11.5
        D:8 |    1455 |       0 |   0.0 |      31 |       0 |   0.0
        D:9 |     118 |    1700 |  93.5 |       1 |       6 |  85.7
      Sewer |       0 |     543 | 100.0 |       0 |      28 | 100.0
            +---------+---------+-------+---------+---------+-------
